 Dungeon Crawl Stone Soup version 0.24-a0-520-g8fd06ad0bc (webtiles) character file.

Game seed: 15733832375094799694

29793 Eitelfritz the Severer (level 13, -1/114 HPs)
             Began as a Hill Orc Fighter on July 27, 2019.
             Was a High Priest of Zin.
             Slain by a two-headed ogre
             ... wielding a +0 dire flail
              (6 damage)
             ... on level 13 of the Dungeon.
             The game lasted 01:02:23 (17826 turns).

Eitelfritz the Severer (Hill Orc Fighter)          Turns: 17826, Time: 01:02:23

Health: -1/114     AC: 18    Str: 27    XL:     13   Next: 47%
Magic:  21/22      EV:  9    Int: 15    God:    Zin [*****.]
Gold:   497        SH: 13    Dex: 15    Spells: 12/12 levels left

rFire    + . .     SeeInvis .   a - +3 war axe (flame)
rCold    + . .     Gourm    .   c - +1 shield
rNeg     . . .     Faith    .   w - +3 scale mail {rF+}
rPois    ∞         Spirit   .   q - +0 helmet
rElec    .         Reflect  .   r - +0 cloak "Omiuf" {+Inv}
rCorr    .         Harm     .   J - +1 pair of gloves
MR       .....                  e - +0 pair of boots
Stlth    +.........             (no amulet)
HPRegen  0.29/turn              I - ring of poison resistance
MPRegen  0.18/turn              n - ring of protection from cold

@: vitalised, grasped by roots, hasted, constricted, very quick
A: no striking features
a: Recite, Vitalisation, Imprison, Sanctuary, Donate Gold, Renounce Religion,
Evoke Invisibility


You were on level 13 of the Dungeon.
You worshipped Zin.
Zin was extremely pleased with you.
You were not hungry.

You visited 2 branches of the dungeon, and saw 16 of its levels.
You also visited: Ossuary.

You collected 835 gold pieces.
You spent 255 gold pieces at shops.
You donated 83 gold pieces to Zin.

Inventory:

Hand Weapons
 a - a +3 war axe of flaming (weapon)
 p - a +0 hunting sling
 E - a +0 broad axe
Missiles
 i - 296 stones
 x - 25 poisoned darts (quivered)
 y - 4 throwing nets
Armour
 c - a +1 shield (worn)
 e - a +0 pair of boots (worn)
 j - a +0 cloak
 q - a +0 helmet (worn)
 r - the +0 cloak "Omiuf" (worn) {+Inv}
   (You found it on level 9 of the Dungeon)

   It lets you turn invisible.
 w - a +3 scale mail of fire resistance (worn)
 J - a +1 pair of gloves (worn)
Jewellery
 g - an uncursed ring of positive energy
 n - a ring of protection from cold (right hand)
 s - an uncursed ring of magical power {unknown}
 H - a +2 ring of strength
 I - a ring of poison resistance (left hand)
 O - an uncursed ring of see invisible
Wands
 t - a wand of enslavement (9)
 v - a wand of paralysis (12)
 G - a wand of flame (33)
 K - a wand of digging (7)
Scrolls
 b - 7 scrolls of remove curse
 h - 5 scrolls of blinking
 l - 5 scrolls of teleportation
 m - 2 scrolls of fear
 C - 6 scrolls of magic mapping
 D - 7 scrolls of identify
 L - a scroll of summoning {unknown}
 M - 3 scrolls of enchant armour
 N - a scroll of fog {unknown}
Potions
 d - a potion of resistance
 k - 2 potions of mutation
 o - 2 potions of ambrosia
 u - a potion of flight
 z - 3 potions of brilliance
 B - a potion of magic
 F - a potion of invisibility
Comestibles
 f - 9 rations


   Skills:
 + Level 10.5 Fighting
 + Level 15.3 Axes
 + Level 1.0 Throwing
 + Level 9.3 Armour
 + Level 4.4 Dodging
 + Level 3.3 Stealth
 + Level 9.0 Shields
 * Level 12.9 Invocations
 - Level 5.0 Evocations


You had 12 spell levels left.
You didn't know any spells.
Your spell library contained the following spells:

 Spells                   Type           Power        Failure   Level  Hunger
 Animate Skeleton         Necr           N/A          75%         1    ##.....
 Corona                   Hex            #......      75%         1    ##.....
 Pain                     Necr           #...         75%         1    ##.....
 Slow                     Hex            #.......     86%         2    ###....
 Inner Flame              Hex/Fire       #.......     98%         3    ####...
 Portal Projectile        Hex/Tloc       #.....       98%         3    ####...
 Regeneration             Chrm/Necr      #.........   98%         3    ####...
 Vampiric Draining        Necr           #.........   98%         3    ####...
 Animate Dead             Necr           N/A          100%        4    #####..
 Cause Fear               Hex            #.........   100%        4    #####..
 Leda's Liquefaction      Hex/Erth       #.........   100%        4    #####..


Dungeon Overview and Level Annotations

Branches:
Dungeon (15/15)            Temple (1/1) D:6            Lair (0/6) D:10
    Orc (0/2) D:10
 Vaults: D:13-14     Depths: D:15

Altars:
Ashenzari
Cheibriados
Dithmenos
Elyvilon
Fedhas
Gozag
Hepliaklqana
Kikubaaqudgha
Makhleb
Nemelex Xobeh
Okawaru
Qazlal
Ru
Sif Muna
Trog
Uskayaw
Vehumet
Wu Jian
Xom
Yredelemnul
Zin
The Shining One

Shops:
D:12 =

Annotations:
D:9 exclusion: obsidian statue
D:11 2 transporters
D:13 Jorgrun


Message History

* * * LOW HITPOINT WARNING * * *
The bullfrog zombie hits you.
* * * LOW HITPOINT WARNING * * *
You block the ogre mage's attack.
Okay, then.
Unknown command.
You fail to use your ability.
You block the two-headed ogre's attack.
The two-headed ogre hits you with a +0 dire flail.
* * * LOW HITPOINT WARNING * * *
You block Jorgrun's attack.
* * * LOW HITPOINT WARNING * * *
The grasping roots constrict you.
The bullfrog zombie hits you but does no damage.
The ogre mage hits you but does no damage.
The wizard hits you but does no damage. The two-headed ogre barely misses you.
The two-headed ogre hits you but does no damage.
You feel yourself speed up. You block the ogre mage's attack.
The bullfrog zombie hits you but does no damage.
The two-headed ogre hits you with a +0 dire flail.
You die...

#+ #.##...#....#....
#.#####.####...#...#...
#.......#.....#..#..#..
##.........#.#.#.#.#.#.
#...≈≈....#.##.##.##.#
###..≈≈≈....##.###.###.#
.....≈≈≈...## .# ## ###
....).p....## #.
......Z@....# ##
.≈...sOgO.......
≈≈.....O........
.≈..............#
...#.....##.....# ..
#.....# .....# . #.....#
##### ###...#


You could see Jorgrun, 2 two-headed ogres, an ogre mage (dazed), a wizard, a
scorpion and a bullfrog zombie.

Vanquished Creatures
  Harold (D:8)
  A hydra (D:15)
  Erica (D:8)
  2 centaur warriors
  5 two-headed ogres
  2 tengu warriors
  2 unseen horrors
  A deep elf mage (D:13)
  An ugly thing (D:12)
  A manticore (D:13)
  A cyclops (D:12)
  Maurice (D:8)
  A gargoyle (D:12)
  A komodo dragon (D:11)
  A freezing wraith (D:14)
  2 tengu conjurers
  4 yaktaurs (D:13)
  3 trolls
  5 slime creatures
  Prince Ribbit (D:9)
  5 hippogriffs
  Sigmund (D:3)
  2 wraiths
  A wyvern (D:12)
  22 yaks
  4 hungry ghosts
  2 vampire mosquitoes (D:15)
  Menkaure (D:6)
  A soldier ant (D:13)
  Duvessa (D:7)
  5 orc warriors
  2 phantoms
  5 sky beasts
  4 ice beasts
  A black bear (D:8)
  A necrophage (D:10)
  13 ogres
  13 centaurs
  A big kobold (D:7)
  8 bullfrogs
  A gnoll sergeant (D:8)
  Dowan (D:7)
  2 scorpions
  8 killer bees
  7 wights
  An electric eel (D:13)
  4 howler monkeys
  10 crimson imps
  6 jellies
  A quasit (D:12)
  2 orc priests
  7 centaur zombies
  2 bullfrog skeletons
  2 bullfrog zombies
  9 hounds
  3 iguanas
  4 centaur skeletons
  Terence (D:2)
  17 orc wizards
  13 worker ants
  5 hound skeletons
  A mummy (Ossuary)
  A worker ant zombie (D:8)
  Robin (D:2)
  7 gnolls
  10 adders
  3 shadow imps
  An adder skeleton (D:8)
  7 worms
  A dart slug (D:1)
  3 leopard geckos
  50 orcs
  4 ball pythons
  5 giant cockroaches
  17 goblins
  12 hobgoblins
  4 jackals
  5 quokkas
  7 bats
  7 frilled lizards
  3 gnoll skeletons (Ossuary)
  A goblin zombie (D:5)
  2 jackal skeletons
  7 kobolds
  7 kobold skeletons (Ossuary)
  A leopard gecko skeleton (D:5)
  15 orc skeletons (Ossuary)
  A quokka zombie (D:5)
  7 rats
426 creatures vanquished.

Vanquished Creatures (others)
  Psyche (D:11)
  A sky beast (D:5)
  An orc wizard (D:8)
  An orc (D:11)
  A pillar of salt (D:13)
5 creatures vanquished.

Grand Total: 431 creatures vanquished

Notes
Turn   | Place    | Note
-------+----------+-------------------------------------------
     0 | D:1      | Eitelfritz the Hill Orc Fighter began the quest for the
                  | Orb.
     0 | D:1      | Reached XP level 1. HP: 19/19 MP: 1/1
   232 | D:1      | Reached XP level 2. HP: 22/27 MP: 2/2
   426 | D:1      | Reached skill level 3 in Axes
   751 | D:2      | Reached XP level 3. HP: 33/33 MP: 3/3
   797 | D:2      | Noticed Robin
   820 | D:2      | Killed Robin
   863 | D:2      | Reached XP level 4. HP: 27/40 MP: 4/4
   984 | D:2      | Found a glowing golden altar of the Shining One.
  1080 | D:2      | Noticed Terence
  1093 | D:2      | Killed Terence
  1093 | D:2      | Reached skill level 4 in Axes
  1354 | D:2      | Found a basalt altar of Yredelemnul.
  1659 | D:2      | Found a shadowy altar of Dithmenos.
  1666 | D:2      | Reached XP level 5. HP: 47/47 MP: 5/5
  1799 | D:2      | Reached skill level 5 in Axes
  2162 | D:3      | Reached XP level 6. HP: 55/55 MP: 6/6
  2231 | D:3      | Noticed Sigmund
  2319 | D:3      | Killed Sigmund
  2319 | D:3      | Reached skill level 5 in Fighting
  2319 | D:3      | Reached skill level 6 in Axes
  2319 | D:3      | Reached skill level 1 in Dodging
  2641 | D:3      | Found a glowing silver altar of Zin.
  2650 | D:3      | Became a worshipper of Zin the Law-Giver
  2650 | D:3      | Reached * piety under Zin
  2876 | D:4      | Noticed a phantom
  2945 | D:4      | Killed a phantom
  2945 | D:4      | Reached skill level 1 in Invocations
  2945 | D:4      | Reached XP level 7. HP: 37/61 MP: 7/7
  3344 | D:4      | Reached skill level 7 in Axes
  3893 | D:4      | Reached skill level 5 in Armour
  3893 | D:4      | Reached skill level 5 in Shields
  3893 | D:4      | Reached XP level 8. HP: 62/68 MP: 10/10
  3918 | D:4      | Reached ** piety under Zin
  4109 | D:5      | Entered Level 5 of the Dungeon
  4167 | D:5      | Reached skill level 8 in Axes
  4167 | D:5      | Reached skill level 1 in Evocations
  4174 | D:5      | Found a sand-covered staircase.
  4300 | Ossuary  | Entered an ossuary
  4300 | Ossuary  | Noticed a wraith
  4300 | Ossuary  | Noticed a wraith
  4300 | Ossuary  | Noticed a wraith
  4414 | Ossuary  | Reached *** piety under Zin
  4483 | Ossuary  | Noticed a wraith
  4511 | Ossuary  | Killed a wraith
  4755 | D:5      | Reached skill level 9 in Axes
  5017 | D:5      | Found a deep blue altar of Sif Muna.
  5068 | D:5      | Reached **** piety under Zin
  5099 | D:5      | Found a burning altar of Makhleb.
  5140 | D:5      | Reached XP level 9. HP: 70/75 MP: 12/12
  5260 | D:6      | Noticed Menkaure
  5284 | D:6      | Killed Menkaure
  5284 | D:6      | Reached skill level 5 in Invocations
  5713 | D:6      | Found a staircase to the Ecumenical Temple.
  5741 | D:6      | Reached skill level 1 in Stealth
  5759 | Temple   | Entered the Ecumenical Temple
  6423 | D:7      | Reached skill level 10 in Axes
  6762 | D:7      | Found an ornate altar of the Wu Jian Council.
  6762 | D:7      | Found an opulent altar of Gozag.
  7031 | D:7      | Noticed Duvessa
  7043 | D:7      | Noticed Dowan
  7055 | D:7      | Killed Duvessa
  7062 | D:7      | Reached XP level 10. HP: 65/84 MP: 13/15
  7070 | D:7      | Reached skill level 11 in Axes
  7135 | D:7      | Killed Dowan
  8367 | D:8      | Reached ***** piety under Zin
  8520 | D:8      | Reached skill level 5 in Evocations
  8571 | D:8      | Noticed Maurice
  8574 | D:8      | Noticed Erica
  8586 | D:8      | Killed Maurice
  8592 | D:8      | Noticed Harold
  8606 | D:8      | HP: 1/86 [killer bee (8)]
  8607 | D:8      | Zin protects you from harm!
  8635 | D:8      | HP: 4/86 [Erica/+3 scimitar of flaming (1)]
  8638 | D:8      | Killed Erica
  8714 | D:8      | Reached skill level 12 in Axes
  9192 | D:8      | Killed Harold
  9192 | D:8      | Reached XP level 11. HP: 91/92 MP: 17/17
  9669 | D:8      | Found a burning altar of Makhleb.
  9905 | D:9      | Noticed a two-headed ogre
 10215 | D:8      | Killed a two-headed ogre
 10614 | D:9      | Noticed an obsidian statue
 10614 | D:9      | Noticed Prince Ribbit
 10639 | D:9      | Killed Prince Ribbit
 10826 | D:9      | Found an iron altar of Okawaru.
 10918 | D:9      | Found a white marble altar of Elyvilon.
 10969 | D:9      | Got an encrusted cloak
 10980 | D:9      | Identified the +0 cloak "Omiuf" {+Inv} (You found it on
                  | level 9 of the Dungeon)
 11057 | D:9      | Noticed a sun demon
 11059 | D:9      | Noticed a sixfirhy
 11074 | D:10     | Entered Level 10 of the Dungeon
 11213 | D:10     | Found a staircase to the Lair.
 11525 | D:10     | Found an ancient bone altar of Kikubaaqudgha.
 11565 | D:10     | Found a staircase to the Orcish Mines.
 11652 | D:10     | Noticed a centaur warrior
 11668 | D:10     | Killed a centaur warrior
 11849 | D:10     | Reached skill level 10 in Invocations
 11887 | D:10     | Killed an unseen horror
 11887 | D:10     | Reached skill level 13 in Axes
 12806 | D:11     | Noticed a centaur warrior
 12819 | D:11     | Killed a centaur warrior
 13071 | D:11     | Found a transporter.
 13142 | D:11     | Noticed Psyche
 13154 | D:11     | Reached XP level 12. HP: 103/103 MP: 18/20
 13164 | D:11     | Killed Psyche
 13177 | D:11     | Noticed a tengu warrior
 13203 | D:11     | Killed a tengu warrior
 13838 | D:11     | You fall into a shaft and drop 2 floors!
 13840 | D:13     | You fall into a shaft and drop 2 floors!
 13840 | D:15     | Entered Level 15 of the Dungeon
 13884 | D:15     | Noticed a seven-headed hydra
 13893 | D:15     | Killed a three-headed hydra
 13893 | D:15     | Reached skill level 14 in Axes
 14491 | D:13     | Noticed a two-headed ogre
 14504 | D:13     | Killed a two-headed ogre
 15441 | D:12     | Reached XP level 13. HP: 107/113 MP: 22/22
 15522 | D:12     | Found Fiuzuf's Jewellery Emporium.
 15525 | D:12     | Bought a cursed -2 ring of dexterity for 30 gold pieces
 15525 | D:12     | Bought an uncursed ring of see invisible for 225 gold
                  | pieces
 16055 | D:11     | Found a transporter.
 16149 | D:11     | Reached skill level 10 in Fighting
 16224 | D:11     | Reached skill level 15 in Axes
 17436 | D:12     | Reached skill level 1 in Throwing
 17810 | D:13     | Noticed an ogre mage
 17814 | D:13     | Noticed Jorgrun
 17825 | D:13     | HP: 5/114 [Jorgrun/uncursed staff of earth (3)]
 17826 | D:13     | Slain by a two-headed ogre

Levels and vault maps discovered:
D:1:      psy_arrival_conway, layout_rooms, minmay_strange_pillars,
          chequers_mini_garden
D:2:      layout_basic, nicolae_overflow_hidden_temple, tso_metal_star,
          lemuel_round_altar, minmay_crystal_water, kennysheep_generic_room_7,
          uniq_terence, uniq_robin
D:3:      layout_rooms, zin_academy, uniq_sigmund
D:4:      layout_loops_cross, first_ration, minivault_14
D:5:      layout_gridville, makhleb_grotto_becter, old_standard_altar,
          enter_ossuary_4
D:6:      layout_basic, minmay_temple_entry_mini_moons, minmay_misc_feat_five,
          uniq_menkaure
D:7:      layout_basic, grunt_temple_overflow_open, uniq_duvessa
D:8:      layout_gridville, serial_glass, glass_columns_b, glass_columns_c,
          feat_on_display, unseen_surprise_small, item_on_display_a,
          grunt_ogre_cave, lemuel_tele_altar, uniq_maurice, uniq_erica,
          uniq_harold
D:9:      layout_roguey, elyvilon_altar_3, overflow_temple_1_default,
          minivault_16, uniq_prince_ribbit1
D:10:     wad_arrow_thing, layout_loops_ring, dpeg_oklobed_lair, orc_0_dummy,
          roderic_lattice_a, lemuel_altar_in_water
D:11:     gammafunk_cloud_chamber, layout_stronghold, serial_column_ruins,
          column_ruins_hut, column_ruins_hut_ruined, column_ruins_grid_1,
          column_ruins_open_tiny, column_ruins_grid_1, column_ruins_open_tiny,
          column_ruins_open_small_water, minmay_holes,
          chequers_serial_rivers_small_a, uniq_psyche
D:12:     layout_stronghold, serial_shops, kennysheep_mini_moat
D:13:     dragon1_lemuel, layout_basic, david_vaults_1,
          hangedman_abyss_or_decor_lesser_grid, minmay_increasing_density,
          uniq_jorgrun
D:14:     layout_rooms, nicolae_wwwww, enter_bailey_2
D:15:     hangedman_depths_entry_try_elsewhere_first, layout_basic,
          nicolae_twisting_strands, uniq_rupert
Temple:   minmay_temple_forest_path

Skill      XL: |  1  2  3  4  5  6  7  8  9 10 11 12 13 |
---------------+----------------------------------------+-----
Axes           | 3 4 5 6 7 9 10 12 13 14 15 | 15.3
Fighting       | 4 5 6 7 8 9 10 | 10.5
Shields        | 4 5 7 8 9 |  9.0
Armour         | 4 5 6 7 8 9 |  9.3
Dodging        | 1 2 3 4 |  4.4
Invocations    | 1 3 4 6 8 10 12 | 12.9
Evocations     | 2 4 5 |  5.0
Stealth        | 1 2 3 |  3.3
Throwing       | 1 |  1.0

Action                   |  1- 3 |  4- 6 |  7- 9 | 10-12 | 13-15 || total
-------------------------+-------+-------+-------+-------+-------++-------
Melee: War axe           |    90 |   235 |   377 |   764 |   209 ||  1675
Throw: Stone             |       |       |     3 |       |       ||     3
       Throwing net      |       |       |       |     3 |       ||     3
       Dart              |       |       |       |     2 |     8 ||    10
Invok: Recite            |       |       |    19 |    31 |     9 ||    59
       Vitalisation      |       |       |     1 |     4 |     2 ||     7
Evoke: Wand              |       |       |       |     2 |       ||     2
  Use: Scroll            |       |    10 |     8 |    10 |     1 ||    29
       Potion            |       |     2 |     2 |     7 |     1 ||    12
 Stab: Confused          |       |       |     4 |    11 |       ||    15
       Paralysed         |       |       |       |     9 |     1 ||    10
       Invisible         |       |       |       |     3 |       ||     3
  Eat: Chunk             |       |     6 |     7 |     6 |     5 ||    24
       Ration            |       |       |     3 |     6 |     1 ||    10
Armor: Scale mail        |    45 |   132 |   160 |   421 |    76 ||   834
Dodge: Dodged            |    18 |    68 |   108 |   241 |    61 ||   496
Block: Shield            |    44 |   103 |   191 |   405 |   106 ||   849

Table legend:
 A = Non-vault XP
 B = Vault XP
 C = Vault XP percentage of total XP
 D = Non-vault monster count
 E = Vault monster count
 F = Vault count percentage of total count
                 A         B        C        D         E       F
            +---------+---------+-------+---------+---------+-------
      Total |   34238 |    8324 |  19.6 |     353 |      76 |  17.7
            +---------+---------+-------+---------+---------+-------
        D:1 |      33 |       0 |   0.0 |      21 |       0 |   0.0
        D:2 |     127 |      89 |  41.2 |      19 |      16 |  45.7
        D:3 |     104 |     231 |  69.0 |      25 |       1 |   3.8
        D:4 |     715 |       0 |   0.0 |      12 |       0 |   0.0
        D:5 |     778 |      52 |   6.3 |      21 |       3 |  12.5
        D:6 |    1043 |     172 |  14.2 |      29 |       1 |   3.3
        D:7 |    2784 |     218 |   7.3 |      29 |       2 |   6.5
        D:8 |    2675 |    2052 |  43.4 |      35 |       4 |  10.3
        D:9 |    1389 |     268 |  16.2 |      35 |       1 |   2.8
       D:10 |    1022 |    2427 |  70.4 |      19 |      10 |  34.5
       D:11 |    8953 |     369 |   4.0 |      55 |       2 |   3.5
       D:12 |    5343 |       0 |   0.0 |      28 |       0 |   0.0
       D:13 |    6811 |    2189 |  24.3 |      20 |       9 |  31.0
       D:14 |    1131 |       0 |   0.0 |       2 |       0 |   0.0
       D:15 |    1330 |       0 |   0.0 |       3 |       0 |   0.0
    Ossuary |       0 |     257 | 100.0 |       0 |      27 | 100.0
            +---------+---------+-------+---------+---------+-------
